AoeStats
← derryjordanweaver

Four Lakes

509732118Analyzed
1v1 RM · 6d ago on Sep 27, 2026· 64m 5s· 2 players
Game mode
Random Map
Map size
Tiny (2 player)
Population
200
Speed
Normal
Resources
Standard
Victory
Conquest
Starting age
Dark Age
Ending age
Imperial Age
RankedLock teamsTeams togetherTeam positionsShared explorationLock speedFull tech treeHidden civsTurbo modeCheats
Victory
Defeat
🇺🇸 Tatars · United States
600
+16
🇲🇽 Magyars · Mexico
609
-29
derryjordanweaver
0:36 Loom
10:24 Feudal Age
11:51 Fishing Lines
13:00 Wheelbarrow
12:54 Double-Bit Axe
12:53 Man-at-Arms
17:47 Gold Mining
17:54 Stone Mining
19:39 Arson
20:15 Forging
20:06 Scale Mail Armor
27:01 Castle Age
24:47 Town Watch
28:23 Gold Shaft Mining
27:10 Long Swordsman
27:51 Squires
28:30 Iron Casting
28:00 Husbandry
28:10 Bloodlines
28:18 Bow Saw
27:53 Horse Collar
27:42 Pikeman
29:26 Scale Barding Armor
29:48 Hand Cart
29:34 Town Patrol
29:53 Gillnets
30:19 Medium Warships
31:47 Heavy Plow
33:09 Clinker Construction
34:22 Herbal Medicine
39:12 Imperial Age
38:04 Chain Barding Armor
38:16 Murder Holes
38:42 Ballistics
38:04 Treadmill Crane
41:04 Chemistry
41:22 Crop Rotation
40:45 Halberdier
42:29 Blast Furnace
42:59 Heated Shot
44:21 Plate Barding Armor
44:06 Padded Archer Armor
43:56 Fletching
44:10 Elite Steppe Lancer
45:13 Bombard Tower
47:02 Leather Archer Armor
46:43 Bodkin Arrow
47:16 Fortified Wall
48:24 Heavy Camel Rider
49:40 Ring Archer Armor
49:11 Bracer
50:04 Masonry
51:07 Fervor
51:11 Siege Engineers
51:36 Sappers
52:27 Conscription
53:43 Silk Armor
54:05 Capped Ram
55:15 Elite Keshik
58:02 Timurid Siegecraft
58:27 Atonement
59:45 Block Printing
59:51 Guard Tower
GhastlyAtom246
10:40 Loom
14:30 Feudal Age
15:59 Double-Bit Axe
23:02 Castle Age
23:30 Pikeman
34:21 Bow Saw
36:07 Bloodlines
37:26 Gold Mining
38:07 Fletching
38:45 Scale Barding Armor
46:06 Chain Barding Armor
46:32 Husbandry
48:48 Ballistics
50:01 Wheelbarrow
51:19 Thumb Ring
53:10 Scale Mail Armor
65:48 Imperial Age
Connection lost

Rejoining the realm…

Still unreachable

The connection could not be restored.

Session expired

The server has moved on; the page needs a fresh start.